 Dungeon Crawl Stone Soup version 0.25-a0-589-g1e14c549ee (webtiles) character file.

Game seed: 16513100878500967432, levelgen mode: deterministic

1026 Delarado the Grappler (level 8, -1/52 HPs)
             Began as an Octopode Fighter on Mar 9, 2020.
             Killed by divine providence
             ... invoked by an orc priest
              (11 damage)
             ... on level 6 of the Dungeon.
             The game lasted 00:26:06 (5817 turns).

Delarado the Grappler (Octopode Fighter)            Turns: 5817, Time: 00:26:07

Health: -1/52      AC:  4    Str: 18    XL:     8   Next: 23%
Magic:  8/8        EV: 13    Int: 13    God:
Gold:   311        SH:  9    Dex: 11    Spells: 7/7 levels left

rFire    . . .     SeeInvis .     - Unarmed
rCold    . . .     Gourm    .   a - +0 kite shield
rNeg     . . .     Faith    .   (helmet restricted)
rPois    .         Spirit   .   (no amulet)
rElec    .         Reflect  .   g - +3 ring of protection
rCorr    .         Harm     .   f - +3 ring of intelligence
MR       .....                  t - +2 ring of evasion
Stlth    +++.......             (no ring)
HPRegen  0.17/turn              (no ring)
MPRegen  0.11/turn              (no ring)
                                (no ring)
                                (no ring)

@: no status effects
A: almost no armour, stealthy swim, amphibious, 8 rings, constrict 8, camouflage
1, gelatinous body 1
a: no special abilities


You were on level 6 of the Dungeon.
You were not hungry.

You visited 2 branches of the dungeon, and saw 7 of its levels.
You also visited: Sewer.

You collected 311 gold pieces.

Inventory:

Missiles
 h - 140 stones
 j - 8 poisoned darts (quivered)
 n - a throwing net
Armour
 a - a +0 kite shield (worn)
Jewellery
 f - a +3 ring of intelligence (right tentacle)
 g - a +3 ring of protection (left tentacle)
 t - a +2 ring of evasion (on tentacle)
Wands
 v - a wand of random effects (17)
Scrolls
 e - 2 scrolls of immolation
 i - a scroll of fog
 m - 2 scrolls of remove curse
 o - 3 scrolls of teleportation
 r - a scroll of random uselessness {unknown}
 w - a scroll of amnesia
 x - a scroll of fear {unknown}
Potions
 b - 2 potions of might
 d - a potion of ambrosia
 k - 4 potions of heal wounds
 l - 5 potions of curing
 p - 3 potions of flight
 q - a potion of invisibility
 s - 3 potions of lignification
 u - a potion of magic {unknown}
 z - a potion of stabbing {unknown}
Comestibles
 c - 5 rations


   Skills:
 - Level 3.0 Fighting
 - Level 3.0 Dodging
 - Level 1.5 Stealth
 - Level 3.0 Shields
 + Level 9.4 Unarmed Combat


You had 7 spell levels left.
You didn't know any spells.
Your spell library contained the following spells:

 Spells                   Type           Power        Failure   Level  Hunger
 Freeze                   Ice            #...         82%         1    ##.....
 Frozen Ramparts          Ice            #.....       99%         3    ####...
 Ozocubu's Armour         Chrm/Ice       #.......     99%         3    ####...
 Hailstorm                Conj/Ice       #.......     100%        4    #####..
 Summon Ice Beast         Ice/Summ       #.......     100%        4    #####..


Dungeon Overview and Level Annotations

Branches:
Dungeon (6/15)             Temple (1/1) D:5           Sewer (visited)

Altars:
Ashenzari
Cheibriados
Dithmenos
Elyvilon
Fedhas
Gozag
Hepliaklqana
Kikubaaqudgha
Makhleb
Nemelex Xobeh
Okawaru
Qazlal
Ru
Sif Muna
Trog
Uskayaw
Vehumet
Wu Jian
Xom
Yredelemnul
Zin
The Shining One

Annotations:
D:3 1 runed translucent door, chipmonk's ghost, amateur GrEE


Innate Abilities, Weirdness & Mutations

You cannot wear most types of armour.
You are very stealthy in the water. (Stealth+)
You are amphibious.
You can wear up to eight rings at the same time.
You can use your tentacles to constrict eight enemies at once.
Your skin changes colour to match your surroundings (Stealth+).
Your rubbery body absorbs attacks. (AC +1, EV +1)


Message History

An orc comes into view. It is wielding a -2 falchion.
The orc priest calls down the wrath of Beogh upon you.
Beogh smites you!
You hear a shout!
The orc wizard mumbles some strange words.
The orc wizard flickers and vanishes!
Deactivating autopickup; reactivate with Ctrl-A.
The orc priest casts a cantrip, but nothing happens.
The orc priest calls down the wrath of Beogh upon you.
Beogh smites you!
There is an open door here.
You close the door.
An orc priest opens the door.
The orc priest mumbles some strange prayers to Beogh against you.
Beogh smites you!
* * * LOW HITPOINT WARNING * * *
There is a stone staircase leading up here.
The orc priest mumbles some strange prayers to Beogh against you.
Beogh smites you!
You die...

....##.###### #.#
#.......#.# ... #.#
#.# #.......#.# .. #.#
#####o#############.#
. #.#
#...o...............#
#.#
##......##############
#.# #.......+ #.#
#.......# #.#
#.#...#.+ #.#.#@..#
#.#.#...# .
#.#.....#....
#.#.[........
#.#####.....# ..
######


You could see an orc priest and an orc.

Vanquished Creatures
  Edmund (D:5)
  2 ice beasts
  A centaur (D:5)
  A big kobold (Sewer)
  2 crimson imps (D:5)
  2 orc priests (D:5)
  2 iguanas (D:5)
  4 worker ants
  2 orc wizards (D:5)
  Robin (D:4)
  10 adders
  3 river rats (Sewer)
  A shadow imp (D:2)
  An ooze (D:5)
  2 adder skeletons (D:5)
  2 worms
  A dart slug (D:3)
  A leopard gecko (D:2)
  An orc (D:5)
  A ball python (D:3)
  4 giant cockroaches
  14 goblins
  13 hobgoblins
  11 jackals
  12 kobolds
  3 quokkas
  8 bats
  2 frilled lizards
  A jackal skeleton (D:4)
  7 rats
116 creatures vanquished.

Notes
Turn   | Place    | Note
-------+----------+-------------------------------------------
     0 | D:1      | Delarado the Octopode Fighter began the quest for the Orb.
     0 | D:1      | Reached XP level 1. HP: 16/16 MP: 1/1
   152 | D:1      | Reached XP level 2. HP: 16/21 MP: 2/2
   483 | D:2      | Reached skill level 3 in Unarmed Combat
   491 | D:2      | Reached XP level 3. HP: 26/26 MP: 3/3
   546 | D:2      | Reached skill level 4 in Unarmed Combat
   569 | D:2      | Reached XP level 4. HP: 27/31 MP: 4/4
   718 | D:2      | Found a shattered altar of Ashenzari.
  1361 | D:2      | Reached skill level 5 in Unarmed Combat
  1398 | D:2      | Reached XP level 5. HP: 35/36 MP: 5/5
  1645 | D:3      | Found a glowing drain.
  1658 | Sewer    | Entered a sewer
  1798 | Sewer    | Noticed a big kobold
  1854 | Sewer    | Killed a big kobold
  1854 | Sewer    | Reached skill level 6 in Unarmed Combat
  1854 | Sewer    | Reached XP level 6. HP: 41/42 MP: 6/6
  1931 | Sewer    | Found a glowing silver altar of Zin.
  2096 | D:3      | Reached skill level 1 in Stealth
  2209 | D:3      | Noticed chipmonk's ghost (amateur GrEE)
  2212 | D:3      | Found a runed translucent door.
  2248 | D:3      | Found a faded altar of an unknown god.
  2881 | D:4      | Noticed a phantom
  2919 | D:4      | Noticed Robin
  3214 | D:4      | Killed Robin
  3655 | D:4      | Found a sacrificial altar of Ru.
  3704 | D:5      | Entered Level 5 of the Dungeon
  3748 | D:5      | Reached skill level 7 in Unarmed Combat
  3806 | D:5      | Reached XP level 7. HP: 46/46 MP: 7/7
  3870 | D:5      | Noticed Edmund
  3897 | D:5      | Killed Edmund
  3937 | D:5      | Got a slimy quarterstaff
  3947 | D:5      | Identified the +7 quarterstaff of Ureg {freeze, +Fly} (You
                  | found it on level 5 of the Dungeon)
  4049 | D:5      | Reached skill level 8 in Unarmed Combat
  4385 | D:5      | Found a staircase to the Ecumenical Temple.
  4438 | Temple   | Entered the Ecumenical Temple
  5113 | D:5      | Reached XP level 8. HP: 26/52 MP: 8/8
  5254 | D:5      | Reached skill level 9 in Unarmed Combat
  5817 | D:6      | Killed from afar by an orc priest

Levels and vault maps discovered:
D:1:      dpeg_arrival_pits, layout_rooms, minmay_door_square
D:2:      layout_loops_ring, evilmike_ruin_ashenzari, first_ration,
          kennysheep_generic_room_15
D:3:      layout_loops_ring, cheibrodos_sewer_entry_bend,
          chequers_ecumenical_altar_twisty, hellmonk_ghost_happy_afterlife
D:4:      layout_loops_cross, nicolae_ru_the_path_less_chosen, uniq_robin
D:5:      layout_loops_cross, minmay_temple_entry_gardened_gates, uniq_edmund
D:6:      minmay_bubble_buster, layout_basic, serial_shops, nicolae_shop_stone
Temple:   nicolae_temple_the_god_donut

Skill      XL: |  1  2  3  4  5  6  7  8 |
---------------+-------------------------+-----
Unarmed Combat | 3 4 5 6 7 8 9 |  9.4
Stealth        | 1 |  1.5
Fighting       | |  3.0
Dodging        | |  3.0
Shields        | |  3.0

Action                   |  1- 3 |  4- 6 |  7- 9 || total
-------------------------+-------+-------+-------++-------
Melee: Unarmed           |    25 |   178 |    64 ||   267
       Tentacles         |     8 |    38 |    11 ||    57
       Constrict         |     8 |    50 |     7 ||    65
       Punch             |       |     8 |     7 ||    15
Throw: Stone             |    12 |    81 |     2 ||    95
       Dart              |       |    21 |    20 ||    41
  Use: Scroll            |       |    11 |     1 ||    12
 Stab: Sleeping          |     2 |     3 |     3 ||     8
  Eat: Chunk             |       |     9 |     3 ||    12
       Ration            |       |       |     1 ||     1
Armor: Skin              |     1 |    25 |     7 ||    33
Dodge: Dodged            |     9 |    55 |    16 ||    80
Block: Kite shield       |     3 |    48 |    13 ||    64

Table legend:
 A = Non-vault XP
 B = Vault XP
 C = Vault XP percentage of total XP
 D = Non-vault monster count
 E = Vault monster count
 F = Vault count percentage of total count
                 A         B        C        D         E       F
            +---------+---------+-------+---------+---------+-------
      Total |    1091 |     375 |  25.6 |      87 |      29 |  25.0
            +---------+---------+-------+---------+---------+-------
        D:1 |      13 |       0 |   0.0 |       8 |       0 |   0.0
        D:2 |     134 |      18 |  11.8 |      25 |       2 |   7.4
        D:3 |     120 |       5 |   4.0 |      29 |       1 |   3.3
        D:4 |      27 |      37 |  57.8 |       3 |      12 |  80.0
        D:5 |     668 |     158 |  19.1 |      20 |       1 |   4.8
        D:6 |     129 |       0 |   0.0 |       2 |       0 |   0.0
      Sewer |       0 |     157 | 100.0 |       0 |      13 | 100.0
            +---------+---------+-------+---------+---------+-------
